 Dungeon Crawl Stone Soup version 0.16.2-12-gd0ad4c3 (webtiles) character file.

6417 Seneschal the Nimble (level 10, -3/100 HPs)
             Began as a Minotaur Chaos Knight on Sept 21, 2015.
             Slain by a black mamba (shapeshifter) (10 damage)
             ... on level 9 of the Dungeon.
             The game lasted 00:37:07 (8332 turns).

Seneschal the Nimble (Minotaur Chaos Knight)        Turns: 8332, Time: 00:37:07

Health: -3/100     AC:  7    Str: 24    XL:     10   Next: 66%
Magic:  14/14      EV: 16    Int:  9    God:    Xom [*.....]
Gold:   341        SH:  0    Dex: 10    Spells: 0 memorised, 9 levels left

rFire  + . .     SeeInvis .     l - +2 spear (chaos)
rCold  + . .     Clarity  .     f - +2 robe {rC+ rF+}
rNeg   . . .     SustAb   .     (no shield)
rPois  .         Gourm    .     A - +1 hat
rElec  .         Spirit   .     (no cloak)
rCorr  .         Warding  .     (no gloves)
rMut   .         Stasis   .     (no boots)
MR     .....                    (no amulet)
Stlth  +++.......               C - +4 ring of strength
                                j - ring of magical power

@: lethally poisoned (-3 -> -44), very slightly contaminated, hasted, very
quick, not resistant to hostile enchantments, fairly stealthy
A: retaliatory headbutt, beak, horns 2, slimy green scales 1, mutation
resistance 1, robust 1
a: Renounce Religion


You were on level 9 of the Dungeon.
You worshipped Xom.
You were a special plaything of Xom.
You were not hungry.

You visited 1 branch of the dungeon, and saw 9 of its levels.

You collected 467 gold pieces.
You spent 126 gold pieces at shops.

Inventory:

Hand weapons
 a - a +0 mace
 e - a +0 scythe
 l - a +2 spear of chaos (weapon)
Armour
 b - a +2 leather armour
 f - a +2 robe of resistance (worn)
 w - a +0 plate armour
 A - a +1 hat (worn)
Magical staves
 E - an uncursed staff of death
Jewellery
 j - a ring of magical power (left hand)
 p - a +4 ring of intelligence
 q - a -2 ring of strength
 C - a +4 ring of strength (right hand)
Magical devices
 h - a wand of random effects (25)
 m - a wand of magic darts (19)
 o - a wand of confusion (42)
 u - a wand of digging (18)
 D - a wand of polymorph (0)
 I - a wand of polymorph (8)
Scrolls
 d - a scroll of amnesia {unknown}
 k - 10 scrolls of identify
 r - 2 scrolls of noise {unknown}
 s - a scroll of remove curse
 t - a scroll of enchant armour {unknown}
 v - a scroll of enchant weapon
 x - 3 scrolls of teleportation {unknown}
 y - a scroll of fog
 B - 3 scrolls of recharging
 G - a scroll of brand weapon {unknown}
Potions
 g - a potion of resistance
Comestibles
 c - 12 bread rations
 i - 9 beef jerkies
 n - 2 meat rations
 z - 2 royal jellies


   Skills:
 + Level 9.2 Fighting
 + Level 10.1 Polearms
 + Level 3.5 Armour
 + Level 10.4 Dodging
 + Level 6.5 Stealth
 + Level 1.9 Unarmed Combat
 + Level 0.6 Evocations


You had 9 spell levels left.
You didn't know any spells.

Dungeon Overview and Level Annotations

Branches:
Dungeon (9/15)             Temple (0/1) D:5
   Lair: D:8-11         Orc: D:9-12

Altars:
Cheibriados
Elyvilon
Fedhas
Gozag
Nemelex Xobeh
Okawaru
Qazlal
Sif Muna
Vehumet
Xom
Zin
The Shining One

Shops:
D:7 %


Innate Abilities, Weirdness & Mutations

You reflexively headbutt those who attack you in melee.
You have a pair of horns on your head.
You have a beak for a mouth.
You are partially covered in slimy green scales (AC +2).
You are somewhat resistant to further mutation.
You are robust (+10% HP).


Message History

You are too injured to fight recklessly!
You are too injured to fight recklessly!
You closely miss something.
* * * LOW HITPOINT WARNING * * *
You feel sick. Something bites you.
* * * LOW HITPOINT WARNING * * *
You closely miss something. Your peck misses something.
* * * LOW HITPOINT WARNING * * *
You feel sick. The worker ant barely misses you. Something barely misses you.
You hit something but do no damage. You headbutt something. You peck something.
* * * LOW HITPOINT WARNING * * *
You feel sick.
You puncture something! You peck something.
* * * LOW HITPOINT WARNING * * *
You feel sick. Something barely misses you. The worker ant bites you!
* * * LOW HITPOINT WARNING * * *
You barely miss something. Your peck misses something.
* * * LOW HITPOINT WARNING * * *
You feel sick. Something bites you!
You die...

§§§§§## #.##
§§§§§## #..#
§§§§§## ##.#
§§§.§## #.#
####### #.#
.....⌠# #.#
###### #####.####
§§§§§# #........#
§§§§§# #@.......#
.§§§§#
+......{.a......#
§§.§§#
#######.....<..#
§§§§§# #........#
###### #........#
###### #........#
####.#### #.# .


You could see a worker ant.

Vanquished Creatures
  Gastronok (D:8)
  Pikel (D:7)
  Joseph (D:7)
  The ghost of dscm the Shield-Bearer, an experienced MiFi (D:4)
  Prince Ribbit (D:7)
  A hungry ghost (D:9)
  Edmund (D:8)
  A swamp drake (D:7)
  A black bear (D:6)
  2 phantoms
  A slave (D:7)
  The ghost of Seneschal the Firebug, an average DrFE (D:3)
  A crocodile (D:8)
  2 centaurs
  4 ogres
  Sigmund (D:2)
  6 giant frogs
  Blork the orc (D:7)
  3 scorpions
  9 killer bees
  10 wights
  A crimson imp (D:9)
  An electric eel (D:7)
  A giant frog zombie (D:7)
  5 jellies
  3 goliath beetles
  3 iguanas
  3 hounds (D:7)
  An iron imp (D:3)
  3 orc priests
  5 orc wizards
  4 worker ants
  A statue (D:4)
  Ijyb (D:7)
  A hound zombie (D:8)
  8 gnolls
  A worker ant zombie (D:6)
  7 adders
  3 shadow imps
  2 worms (D:3)
  An adder zombie (D:5)
  An adder skeleton (D:4)
  3 giant geckos
  An ooze (D:3)
  29 orcs
  A ball python (D:1)
  13 bats
  A bat skeleton (D:6)
  A bat zombie (D:8)
  11 giant cockroaches
  18 hobgoblins
  14 jackals
  4 quokkas
  9 giant newts
  10 goblins
  20 kobolds
  19 rats
260 creatures vanquished.

Vanquished Creatures (collateral kills)
  An orc priest (D:9)
  A crimson imp (D:5)
  An orc (D:9)
3 creatures vanquished.

Vanquished Creatures (others)
  A shadow imp (D:2)
  An electric eel zombie (D:7)
  An orc (D:7)
  A giant spore (D:5)
  A kobold zombie (D:5)
  A rat (D:2)
  2 butterflies (D:8)
8 creatures vanquished.

Grand Total: 271 creatures vanquished

Notes
Turn   | Place    | Note
--------------------------------------------------------------
     0 | D:1      | Seneschal, the Minotaur Chaos Knight, began the quest for the Orb.
     0 | D:1      | Reached XP level 1. HP: 19/19 MP: 1/1
    26 | D:1      | Reached skill level 4 in Polearms
    92 | D:1      | Reached XP level 2. HP: 13/27 MP: 1/1
   434 | D:1      | XOM: harmless Hex miscast
   473 | D:1      | Reached XP level 3. HP: 33/33 MP: 2/2
  1027 | D:2      | Found a blossoming altar of Fedhas.
  1177 | D:2      | Reached XP level 4. HP: 41/41 MP: 2/2
  1181 | D:2      | Found a white marble altar of Elyvilon.
  1326 | D:2      | Noticed Sigmund
  1329 | D:2      | XOM: mild Air miscast
  1334 | D:2      | XOM: summons friendly shadow imp
  1365 | D:2      | Killed Sigmund
  1365 | D:2      | Reached XP level 5. HP: 8/47 MP: 2/2
  1632 | D:2      | XOM: snakes to sticks
  1648 | D:2      | XOM: give mutations
  1648 | D:2      | Gained mutation: You are somewhat resistant to further mutation. [Xom's grace]
  1648 | D:2      | Gained mutation: You are partially covered in slimy green scales (AC +2). [Xom's grace]
  1648 | D:2      | Gained mutation: You have a beak for a mouth. [Xom's grace]
  1648 | D:2      | Gained mutation: You are robust (+10% HP). [Xom's grace]
  1899 | D:3      | Noticed Seneschal's ghost (average DrFE)
  1905 | D:3      | XOM: divination: detect creatures
  1918 | D:3      | Killed Seneschal's ghost
  1918 | D:3      | Reached skill level 5 in Fighting
  1918 | D:3      | Reached skill level 5 in Polearms
  1918 | D:3      | Reached skill level 1 in Stealth
  2066 | D:3      | XOM: summons 2 hostile demons
  2244 | D:3      | XOM: mild Summ miscast
  2359 | D:3      | XOM: swap weapons
  2361 | D:3      | XOM: noise
  2365 | D:3      | XOM: silly message
  2372 | D:3      | Reached XP level 6. HP: 41/61 MP: 3/3
  2821 | D:3      | XOM: mild Tloc miscast
  2907 | D:3      | XOM: cast spell 'Ice Form'
  2971 | D:4      | XOM: enchant monster (good)
  3018 | D:4      | XOM: colour smoke trail
  3052 | D:4      | Found a deep blue altar of Sif Muna.
  3136 | D:4      | Found a radiant altar of Vehumet.
  3149 | D:4      | XOM: divination: detect items
  3159 | D:4      | Reached skill level 5 in Dodging
  3159 | D:4      | Reached XP level 7. HP: 54/67 MP: 3/3
  3338 | D:4      | Noticed dscm's ghost (experienced MiFi)
  3347 | D:4      | XOM: potion effect (haste)
  3366 | D:4      | XOM: potion effect (invisibility)
  3375 | D:4      | Killed dscm's ghost
  3375 | D:4      | Reached skill level 6 in Fighting
  3774 | D:4      | Found a radiant altar of Vehumet.
  3799 | D:4      | Found an opulent altar of Gozag.
  4327 | D:5      | Entered Level 5 of the Dungeon
  4405 | D:5      | Reached skill level 1 in Unarmed Combat
  4405 | D:5      | Reached XP level 8. HP: 71/78 MP: 3/3
  4428 | D:5      | XOM: harmless Divn miscast
  4461 | D:5      | XOM: summons friendly iron imp
  4695 | D:5      | Found a staircase to the Ecumenical Temple.
  5260 | D:6      | Found a shimmering altar of Xom.
  5376 | D:6      | XOM: mild Erth miscast
  5604 | D:6      | Reached skill level 7 in Fighting
  5940 | D:7      | Noticed Prince Ribbit
  5941 | D:7      | XOM: confusion (+ monsters)
  5965 | D:7      | Killed Prince Ribbit
  5965 | D:7      | Reached XP level 9. HP: 86/86 MP: 4/4
  6005 | D:7      | Noticed Ijyb
  6019 | D:7      | XOM: confusion
  6042 | D:7      | Killed Ijyb
  6061 | D:7      | XOM: enchant monster (good)
  6085 | D:7      | Noticed Joseph
  6114 | D:7      | Killed Joseph
  6114 | D:7      | Reached skill level 8 in Polearms
  6347 | D:7      | XOM: medium Erth miscast
  6481 | D:7      | XOM: silly message
  6487 | D:7      | XOM: blink monster(s)
  6496 | D:7      | XOM: noise
  6498 | D:7      | Noticed Blork the orc
  6498 | D:7      | XOM: polymorph orc warrior -> swamp drake
  6504 | D:7      | XOM: chaos cloud
  6508 | D:7      | Noticed Pikel
  6527 | D:7      | XOM: fog
  6535 | D:7      | Killed Pikel
  6546 | D:7      | Killed Blork the orc
  6546 | D:7      | Reached skill level 5 in Stealth
  6684 | D:7      | Found Ehahit's Food Boutique.
  6692 | D:7      | Bought 3 fruits for 63 gold pieces
  6692 | D:7      | Bought a beef jerky for 21 gold pieces
  6692 | D:7      | Bought a beef jerky for 21 gold pieces
  6692 | D:7      | Bought a beef jerky for 21 gold pieces
  6713 | D:7      | Found a stormy altar of Qazlal.
  6965 | D:7      | XOM: mild Chrm miscast
  7053 | D:8      | Noticed Gastronok
  7065 | D:8      | XOM: butterfly on damage
  7099 | D:8      | Reached skill level 9 in Dodging
  7110 | D:8      | Killed Gastronok
  7110 | D:8      | Reached XP level 10. HP: 19/99 MP: 5/5
  7483 | D:8      | XOM: harmless Necr miscast
  7502 | D:8      | Found a glowing golden altar of the Shining One.
  7504 | D:8      | XOM: smoke on damage
  7584 | D:8      | Noticed Edmund
  7597 | D:8      | Killed Edmund
  7597 | D:8      | Reached skill level 10 in Dodging
  7688 | D:8      | Found a glowing silver altar of Zin.
  7688 | D:8      | Found a snail-covered altar of Cheibriados.
  7868 | D:9      | XOM: enchant monster (good)
  8014 | D:9      | Found a sparkling altar of Nemelex Xobeh.
  8058 | D:9      | Found an iron altar of Okawaru.
  8131 | D:9      | Reached skill level 10 in Polearms
  8170 | D:9      | XOM: silly message
  8319 | D:9      | Noticed a black mamba
  8319 | D:9      | a goliath beetle changed into a black mamba
  8319 | D:9      | XOM: polymorph goliath beetle -> black mamba
  8332 | D:9      | Slain by a black mamba (shapeshifter)

Action                   |  1- 3 |  4- 6 |  7- 9 | 10-12 || total
-------------------------+-------+-------+-------+-------++-------
Melee: Spear             |   133 |   151 |   388 |   214 ||   886
       Mace              |       |    12 |       |       ||    12
       Scythe            |       |     2 |       |       ||     2
       Unarmed           |       |    17 |    14 |       ||    31
Evoke: Wand              |       |     1 |     2 |       ||     3
  Use: Scroll            |       |     5 |     3 |       ||     8
       Potion            |       |       |     6 |     3 ||     9
 Stab: Paralysed         |     2 |     4 |     5 |     3 ||    14
       Sleeping          |       |     1 |     3 |     9 ||    13
       Confused          |       |     1 |     2 |     1 ||     4
       Invisible         |       |       |     3 |       ||     3
       Petrifying        |       |       |     1 |       ||     1
  Eat: Chunk             |       |     1 |     2 |     2 ||     5
       Bread ration      |       |     1 |       |       ||     1
       Fruit             |       |     2 |     6 |     2 ||    10
       Pizza             |       |       |     1 |     1 ||     2
       Meat ration       |       |       |     1 |       ||     1
